Map: Eternal Empire LE

Players

Maru - Winner!

  • Race: Terran Terran
  • League: Grandmaster
  • Spawn Location: 1:00

Astrea

  • Race: Protoss Protoss
  • League: Grandmaster
  • Spawn Location: 7:00

VOD

Have the link to the VOD?

Description

Time

  • Played on: Jan. 7, 2020, 6:28 p.m.
  • Length: 13:22
Show
View Real Time Build Order
Export as new Build Order

Maru Terran - Winner!

Build Orders:  

Get SALT Encoding   

  12  0:00  SCV  
  13  0:13  SCV  
  14  0:18  Supply Depot  
  14  0:25  SCV  
  15  0:40  SCV  
  15  0:42  Barracks  
  16  0:48  Refinery  
  16  0:52  SCV  
  16  0:55  Refinery  
  17  1:04  SCV  
  18  1:16  SCV  
  19  1:29  Orbital Command, Reaper  
  20  1:37  Supply Depot  
  20  1:40  Bunker  
  20  1:53  Factory  
  20  1:56  SCV  
  20  2:01  Reaper  
  22  2:08  SCV  
  23  2:20  SCV  
  24  2:32  SCV  
  24  2:36  Command Center  
  25  2:38  Factory Tech Lab  
  25  2:41  Supply Depot  
  25  2:44  SCV  
  26  2:55  Starport  
  26  2:56  SCV  
  27  3:01  Cyclone  
  30  3:09  SCV  
  31  3:21  SCV  
  32  3:33  SCV, Cyclone, Viking  
  38  3:43  Barracks  
  38  3:45  SCV  
  39  3:57  SCV  
  40  4:06  Siege Tank  
  40  4:07  Starport Tech Lab  
  40  4:09  SCV  
  44  4:12  Orbital Command  
  44  4:21  SCV  
  45  4:25  Command Center  
  45  4:34  SCV  
  45  4:38  SCV, Supply Depot  
  46  4:40  Starport Reactor  
  47  4:46  SCV  
  47  4:48  Marine, Stimpack  
  47  4:49  Barracks  
  47  4:51  SCV  
  50  4:58  SCV  
  51  5:01  Siege Tank  
  51  5:03  SCV, Supply Depot  
  55  5:10  SCV  
  56  5:15  SCV, Barracks Reactor  
  56  5:18  Engineering Bay  
  56  5:22  SCV  
  56  5:24  Marine  
  56  5:25  Bunker  
  57  5:28  Engineering Bay  
  57  5:29  Supply Depot  
  57  5:30  SCV  
  58  5:37  Siege Tank  
  58  5:41  Marine  
  61  5:43  SCV  
  61  5:48  SCV  
  58  5:52  Marine x2  
  58  5:53  Orbital Command  
  60  5:59  Marine  
  60  6:03  Refinery  
  61  6:04  Starport Reactor  
  61  6:05  Marine x2  
  61  6:08  Missile Turret  
  61  6:09  Siege Tank  
  66  6:14  Missile Turret  
  66  6:15  Marine x2  
  66  6:17  Marine  
  69  6:20  Supply Depot  
  69  6:22  SCV x3  
  69  6:23  Marine x2  
  74  6:27  Combat Shield  
  74  6:32  Marine  
  74  6:33  Marine  
  74  6:35  Marine  
  74  6:39  Refinery  
  77  6:40  Marine  
  77  6:41  Marine  
  77  6:42  Medivac x2, Orbital Command  
  82  6:49  SCV x2  
  82  6:50  Marine x2  
  82  6:53  Marine, Siege Tank  
  90  6:58  Marine x2  
  92  7:01  SCV  
  92  7:02  SCV  
  92  7:08  Marine x2, Supply Depot  
  94  7:09  Supply Depot  
  94  7:10  Marine  
  94  7:14  SCV x2, Barracks  
  94  7:15  SCV, Barracks  
  100  7:16  Marine  
  100  7:21  Terran Infantry Weapons Level 1, Terran Infantry Armor Level 1  
  100  7:22  Marine  
  100  7:29  SCV  
  101  7:30  Marine, SCV  
  101  7:32  SCV  
  101  7:36  Marine x3  
  105  7:37  Medivac, Siege Tank  
  105  7:40  Marine  
  105  7:42  SCV x2  
  114  7:44  SCV  
  114  7:48  Marine  
  114  7:50  Supply Depot x3  
  115  7:57  SCV  
  116  8:00  Marine  
  116  8:03  Barracks Reactor  
  116  8:04  Barracks Reactor  
  117  8:08  Marine x2, SCV  
  117  8:10  Marine  
  117  8:11  Marine  
  111  8:16  Medivac x2  
  111  8:17  Marine  
  104  8:22  SCV  
  104  8:23  SCV x2  
  104  8:24  Refinery x2  
  104  8:25  Marine  
  104  8:26  Marine  
  108  8:27  Barracks Tech Lab  
  108  8:28  Barracks Tech Lab  
  108  8:31  Marine x2  
  110  8:34  Ghost Academy  
  110  8:35  SCV x2, Marine  
  110  8:36  SCV  
  110  8:37  Armory  
  114  8:43  Marine  
  114  8:47  SCV  
  116  8:50  Medivac  
  116  8:51  Marine x3, Medivac, Marauder x2  
  116  8:52  Concussive Shells  
  126  8:56  Supply Depot  
  126  9:02  Marauder  
  126  9:04  Marine  
  126  9:06  Supply Depot  
  126  9:07  Siege Tank  
  126  9:09  SCV x3, Marine x2  
  135  9:13  Missile Turret, Marauder x2  
  138  9:21  SCV  
  138  9:23  Marauder  
  141  9:24  Supply Depot  
  141  9:25  Supply Depot x2  
  141  9:31  Terran Infantry Weapons Level 2, Terran Infantry Armor Level 2  
  141  9:33  Marine x3  
  144  9:38  Command Center  
  144  9:44  Ghost x3  
  149  9:46  Marine  
  149  9:51  Marine  
  151  9:54  Siege Tank  
  154  10:00  Barracks  
  154  10:01  Enhanced Shockwaves  
  154  10:02  Barracks x2  
  154  10:13  Marine x2  
  154  10:14  Marine x3, Marauder x2  
  163  10:26  Siege Tank  
  166  10:32  Marine x2  
  166  10:33  Marine, Marauder  
  166  10:35  Marauder x2  
  154  10:51  Marine x4  
  154  10:54  Marauder  
  154  10:56  Marauder x2  
  138  10:59  Barracks Reactor, Barracks Tech Lab x2  
  138  11:00  SCV x3  
  138  11:03  Medivac x2  
  145  11:12  SCV  
  145  11:16  Marauder  
  143  11:19  Marauder x4  
  143  11:20  Siege Tank  
  143  11:24  SCV x2  
  156  11:33  Medivac x2  
  156  11:35  Planetary Fortress  
  156  11:39  Marauder  
  162  11:40  Marine x3, Marauder x3  
  162  11:41  Marine, Marauder  
  162  11:44  Supply Depot  
  174  11:53  Marine x2  
  175  12:01  Marauder x2  
  168  12:03  Marine, Medivac x2  
  168  12:04  SCV x3, Marauder  
  169  12:11  Siege Tank  
  168  12:15  Marine  
  168  12:16  Marine, SCV x2, Marauder  
  168  12:18  SCV x2  
  176  12:28  SCV x2  
  169  12:32  Marine x3, Marauder x2  
  169  12:34  SCV x2  
  175  12:40  SCV  
  175  12:41  SCV  
  175  12:43  Siege Tank  
  169  12:52  Marine x2, Marauder  
  169  12:53  Marauder  
  169  12:57  Marine, Marauder x2  
  176  13:05  SCV x4  
Show
View Real Time Build Order
Export as new Build Order

Astrea Protoss 

Build Orders: Phoenix Opening, Zealot Archon 

Get SALT Encoding   

  12  0:00  Probe  
  13  0:12  Probe  
  14  0:17  Pylon  
  14  0:24  Probe (Chrono Boost)  
  16  0:36  Probe (Chrono Boost)  
  16  0:38  Gateway  
  16  0:42  Probe (Chrono Boost)  
  16  0:46  Assimilator  
  17  0:51  Probe  
  18  1:03  Probe  
  19  1:15  Probe  
  20  1:27  Probe  
  20  1:28  Cybernetics Core, Zealot  
  20  1:30  Pylon  
  23  1:33  Assimilator  
  23  1:48  Probe  
  24  2:00  Probe  
  25  2:01  Stalker (Chrono Boost)  
  25  2:02  Pylon  
  25  2:04  Warp Gate  
  27  2:12  Probe  
  26  2:24  Probe  
  29  2:36  Probe  
  30  2:42  Nexus  
  28  2:48  Probe  
  29  3:00  Probe  
  29  3:02  Stargate  
  32  3:12  Probe  
  32  3:24  Probe  
  33  3:30  Gateway  
  33  3:34  Gateway  
  31  3:37  Probe  
  32  3:44  Phoenix (Chrono Boost)  
  34  3:49  Probe  
  34  3:54  Probe  
  34  3:55  Stalker  
  38  4:01  Phoenix (Chrono Boost), Probe  
  41  4:06  Probe  
  42  4:13  Probe, Pylon  
  43  4:19  Probe  
  43  4:21  Phoenix (Chrono Boost)  
  46  4:30  Pylon  
  46  4:31  Probe x2  
  48  4:40  Phoenix (Chrono Boost)  
  48  4:44  Probe  
  51  4:52  Stalker x3  
  57  4:57  Probe  
  58  5:03  Phoenix  
  58  5:06  Probe  
  61  5:08  Pylon  
  61  5:13  Probe  
  62  5:26  Probe x2  
  64  5:33  Nexus  
  64  5:34  Pylon  
  64  5:38  Probe x2  
  64  5:49  Phoenix  
  58  5:50  Probe x2 (Chrono Boost)  
  58  5:55  Forge, Assimilator  
  58  5:56  Twilight Council  
  58  5:59  Assimilator  
  58  6:03  Probe (Chrono Boost)  
  59  6:06  Probe (Chrono Boost)  
  59  6:08  Sentry  
  63  6:12  Probe x2 (Chrono Boost), Phoenix  
  63  6:17  Probe  
  66  6:20  Probe  
  66  6:22  Protoss Ground Armor Level 1 (Chrono Boost)  
  66  6:24  Pylon, Sentry  
  66  6:25  Charge  
  70  6:29  Probe  
  70  6:32  Probe  
  72  6:41  Probe  
  72  6:44  Probe  
  74  6:47  Phoenix  
  74  6:49  Probe  
  74  6:53  Probe  
  78  6:57  Gateway  
  78  6:58  Gateway  
  78  7:00  Probe, Gateway  
  79  7:01  Gateway x2  
  79  7:06  Templar Archives  
  79  7:08  Pylon  
  79  7:10  Probe x2  
  79  7:12  Assimilator  
  79  7:13  Assimilator  
  81  7:20  Zealot x3  
  81  7:22  Phoenix (Chrono Boost)  
  87  7:37  Probe x3  
  89  7:39  Pylon x2  
  89  7:41  Zealot x3  
  96  7:47  Shield Battery  
  96  7:48  Phoenix (Chrono Boost)  
  98  7:55  High Templar x2, Zealot  
  98  7:58  Zealot x2  
  106  7:59  Archon  
  106  8:03  Pylon  
  106  8:09  Zealot x3  
  86  8:22  Protoss Ground Armor Level 2 (Chrono Boost)  
  86  8:23  Sentry  
  88  8:28  Robotics Facility  
  88  8:29  Phoenix  
  90  8:34  Zealot x7  
  104  8:41  Forge  
  104  8:44  Pylon  
  104  8:50  Nexus  
  104  8:54  Protoss Air Weapons Level 1  
  104  8:59  Phoenix (Chrono Boost)  
  104  9:01  Zealot x4  
  114  9:06  High Templar x2, Zealot x2  
  122  9:10  Archon  
  122  9:18  Phoenix (Chrono Boost)  
  124  9:25  Observer (Chrono Boost)  
  124  9:29  Robotics Bay  
  124  9:30  Robotics Facility  
  125  9:31  Protoss Ground Weapons Level 1  
  125  9:33  Probe x3  
  125  9:34  Pylon  
  125  9:36  Pylon  
  129  9:45  Probe  
  129  9:51  Photon Cannon  
  127  9:56  High Templar x2, Zealot x4  
  127  9:57  Zealot x2  
  143  10:01  Probe x2, Gateway x2  
  143  10:02  Archon  
  143  10:03  Probe x2  
  147  10:18  Colossus x2 (Chrono Boost)  
  153  10:22  Extended Thermal Lance  
  159  10:32  High Templar  
  159  10:33  Zealot x4  
  169  10:38  Zealot  
  167  10:43  High Templar, Zealot  
  149  10:54  Zealot x4  
  117  10:58  High Templar  
  117  10:59  Archon, Zealot x2  
  117  11:02  Colossus (Chrono Boost)  
  109  11:06  Zealot  
  109  11:07  Zealot  
  119  11:17  Warp Prism (Chrono Boost)  
  113  11:22  Zealot x7  
  129  11:26  Observer  
  129  11:31  Sentry  
  131  11:39  Nexus  
  131  11:43  High Templar x2  
  135  11:47  Archon  
  135  11:53  Zealot x3  
  141  12:07  Pylon  
  139  12:09  Pylon  
  137  12:17  Immortal  
  137  12:18  Immortal  
  137  12:22  Zealot x2  
  139  12:25  Zealot x2  
  139  12:26  Zealot x2  
  139  12:30  Zealot  
  139  12:33  Zealot  
  138  12:43  Stalker x2  
  138  12:44  Stalker  
  144  12:47  High Templar x2  
  144  12:48  Zealot  
  150  12:51  Archon  
  142  13:01  Zealot x4  
  150  13:06  Zealot x3  
  154  13:14  Zealot  
Tags
 
Add a new tag
Caveats
  • Supply blocks, unpowered buildings, or Contaminate may cause inaccurate times.
  • Supply counts are checked every 10 seconds.